 Dungeon Crawl Stone Soup version 0.31-a0-37-g98a128e1d9 (webtiles) character file.

Game seed: 15815476952288741936

2975 funkygono the Cleaver (level 9, -6/79 HPs)
             Began as a Minotaur Fighter on May 12, 2023.
             Mangled by a gnoll
             ... wielding a +0 halberd
              (10 damage)
             ... in a bailey on May 14, 2023.
             The game lasted 00:08:39 (6572 turns).

funkygono the Cleaver (Minotaur Fighter)            Turns: 6572, Time: 00:08:40

Health: -6/79      AC: 12    Str: 30    XL:     9   Next: 53%
Magic:  8/8        EV: 15    Int:  5    God:
Gold:   893        SH:  5    Dex: 11    Spells: 8/8 levels left

rFire   . . .        a - +1 war axe
rCold   . . .        c - +0 buckler
rNeg    . . .        h - +0 chain mail
rPois   .            (helmet restricted)
rElec   .            f - +0 cloak
rCorr   .            (no gloves)
SInv    .            (no boots)
Will    .....        k - amulet of magic regeneration Stlth
                     j - +6 ring of strength
HPRegen 0.33/turn    i - +5 ring of evasion
MPRegen 0.51/turn

%: no passive effects
@: weakened
A: horns 2, retaliatory headbutt
a: no special abilities


You were in a bailey.
You visited 2 branches of the dungeon, and saw 8 of its levels.
You also visited: Bailey.

You collected 893 gold pieces.

Inventory:

Hand Weapons
 a - a +1 war axe (weapon)
Missiles
 n - 7 throwing nets (quivered)
Armour
 c - a +0 buckler (worn)
 f - a +0 cloak (worn)
 h - a +0 chain mail (worn)
Jewellery
 i - a +5 ring of evasion (right hand)
 j - a +6 ring of strength (left hand)
 k - an amulet of magic regeneration (around neck)
 u - a ring of see invisible
Wands
 s - a wand of quicksilver (7)
Scrolls
 e - a scroll of amnesia
 g - 2 scrolls of immolation
 l - 2 scrolls of identify
 p - 3 scrolls of teleportation
Potions
 b - 2 potions of curing
 d - 3 potions of might
 o - a potion of attraction
 r - a potion of degeneration


   Skills:
 + Level 7.1 Fighting
 + Level 11.1 Axes
 + Level 8.5 Armour
 + Level 2.9 Dodging
 + Level 0.6 Stealth
 + Level 6.1 Shields


You had 8 spell levels left.
You didn't know any spells.
Your spell library contained the following spells:

 Spells                   Type           Power      Damage    Failure   Level
 Cigotuvi's Dreadful Rot  Necr/Pois/Air  0%         N/A       97%         2
 Animate Dead             Necr           0%         N/A       100%        4
 Dispel Undead            Necr           0%         3d6       100%        4
 Borgnjor's Vile Clutch   Necr/Erth      0%         N/A       100%        5
 Death Channel            Necr           0%         N/A       100%        6


Dungeon Overview and Level Annotations

Branches:
Dungeon (7/15)             Temple (1/1) D:6          Bailey (1/1)

Altars:
Cheibriados
Dithmenos
Elyvilon
Fedhas
Gozag
Hepliaklqana
Kikubaaqudgha
Makhleb
Nemelex Xobeh
Qazlal
Ru
Uskayaw
Vehumet
Yredelemnul
Zin
The Shining One

Shops:
D:6 (

Annotations:
D:1 2 transporters Bailey Grum


Innate Abilities, Weirdness & Mutations

You have a pair of horns on your head.
You reflexively headbutt those who attack you in melee.


Message History

The gnoll hits you from afar with a +0 halberd.
You block Grum's attack.
You slash the wolf!
You kill the wolf!
The wolf closely misses you.
Grum sniffs the air and quickly glances around.
Grum closely misses you.
The gnoll hits you from afar with a +0 halberd.
The gnoll sergeant barely misses you.
The gnoll bouda barks out a call to the hunt!
The gnolls pick up the pace!
The wolf barely misses you. You block the wolf's attack.
Grum hits you with a +0 spear of freezing!
Grum freezes you. The gnoll misses you. The gnoll sergeant barely misses you.
You furiously retaliate!
You headbutt the gnoll sergeant, but do no damage.
The gnoll bouda gazes fiercely through you!
You feel your attacks grow feeble. The gnoll bouda closely misses you.
You see here a wolf corpse.
You hit Grum. You headbutt Grum.
Grum is lightly wounded.
You slash the wolf!
You hit the gnoll sergeant but do no damage.
The wolf barely misses you.
The gnoll sergeant hits you with a +0 glaive!
* * * LOW HITPOINT WARNING * * *
Grum hits you but does no damage.
The gnoll hits you from afar with a +0 halberd!
* * * LOW HITPOINT WARNING * * *
The gnoll bouda barely misses you.
You hit Grum.
Grum is moderately wounded.
You barely miss the wolf.
You hit the gnoll sergeant but do no damage.
The wolf closely misses you. The wolf bites you.
* * * LOW HITPOINT WARNING * * *
Grum hits you but does no damage.
The gnoll hits you from afar with a +0 halberd!
You die...

♣≈.##..)#...#...##.≈♣
♣≈##..))')..'....##≈♣
♣≈#....)#.).#.)...#≈♣
♣ #8....##'##....8# ♣
#....##...##....#
#...##.....##...#
#...#.......#)).#
###'#...8...#...#
#.h@#...)...#)).#
#ggg##..)).##...#
#..g.##...##....#
#8....##'##....8#
#.....#.))#.....#≈♣
#####+#)..#'#####≈♣
#)))#....#.≈♣
######))'######.≈♣
................≈♣


You could see Grum (swift), a gnoll sergeant (swift), a wolf, a gnoll bouda and
a gnoll (swift).

Vanquished Creatures
  Grinder (D:4)
  Menkaure (D:4)
  Pargi (D:4)
  2 black bears
  2 wolves (Bailey)
  3 ogres
  4 centaurs (D:6)
  Blork the orc (D:4)
  6 gnoll sergeants
  A bullfrog (D:6)
  2 scorpions
  2 howler monkeys (D:6)
  4 hounds
  An orc priest (D:6)
  4 gnoll boudas (Bailey)
  3 iguanas
  A sleepcap (D:7)
  An orc wizard (D:4)
  40 gnolls
  5 adders
  A shadow imp (D:5)
  5 worms
  3 dart slugs
  15 orcs
  3 bats
  10 endoplasms
  2 giant cockroaches
  7 hobgoblins
  6 jackals
  2 quokkas
  8 ball pythons
  2 frilled lizards
  10 goblins
  3 rats
162 creatures vanquished.

Notes
Turn   | Place    | Note
-------+----------+-------------------------------------------
     0 | D:1      | funkygono the Minotaur Fighter began the quest for the Orb.
     0 | D:1      | Reached XP level 1. HP: 19/19 MP: 0/0
   185 | D:1      | Reached XP level 2. HP: 27/27 MP: 1/1
   661 | D:2      | Reached XP level 3. HP: 27/33 MP: 2/2
  1006 | D:2      | Found a faded altar of an unknown god.
  1475 | D:2      | Upgraded the game from 0.31-a0-18-gea43df2a32 to
                  | 0.31-a0-37-g98a128e1d9
  1634 | D:3      | Found a shadowy altar of Dithmenos.
  1861 | D:3      | Reached skill level 3 in Axes
  1861 | D:3      | Reached XP level 4. HP: 34/41 MP: 3/3
  2793 | D:4      | Reached skill level 4 in Axes
  2793 | D:4      | Reached XP level 5. HP: 23/47 MP: 4/4
  2919 | D:4      | Noticed Pargi
  2931 | D:4      | Killed Pargi
  2932 | D:4      | Reached skill level 5 in Axes
  2932 | D:4      | Reached skill level 5 in Armour
  2932 | D:4      | Reached XP level 6. HP: 47/55 MP: 5/5
  2961 | D:4      | Reached skill level 5 in Fighting
  3364 | D:4      | Noticed Menkaure
  3370 | D:4      | Killed Menkaure
  3371 | D:4      | Reached skill level 6 in Axes
  3371 | D:4      | Reached XP level 7. HP: 56/61 MP: 6/6
  3393 | D:4      | Noticed Grinder
  3408 | D:4      | Paralysed by Grinder for 3 turns
  3416 | D:4      | Killed Grinder
  3417 | D:4      | Reached skill level 7 in Axes
  3417 | D:4      | Reached skill level 1 in Dodging
  3679 | D:4      | Found a basalt altar of Yredelemnul.
  3685 | D:4      | Found a glowing golden altar of the Shining One.
  3685 | D:4      | Noticed Blork the orc
  3694 | D:4      | Killed Blork the orc
  3695 | D:4      | Reached skill level 8 in Axes
  3924 | D:5      | Entered Level 5 of the Dungeon
  3928 | D:5      | Reached skill level 5 in Shields
  3933 | D:5      | Reached XP level 8. HP: 49/70 MP: 7/7
  4123 | D:5      | Identified the +8 short sword of the Forsaken Friends
                  | {flame, Will+ Str+2}
  4210 | D:5      | Found a hide-covered altar of Uskayaw.
  4574 | D:6      | Found Zadd's Weapon Shoppe.
  4593 | D:6      | Found a staircase to the Ecumenical Temple.
  4629 | Temple   | Entered the Ecumenical Temple
  4794 | D:6      | Reached skill level 9 in Axes
  5142 | D:6      | Reached skill level 10 in Axes
  5551 | D:7      | Reached XP level 9. HP: 78/78 MP: 8/8
  5690 | D:7      | Found a flagged portal.
  5718 | Bailey   | Entered a bailey
  5871 | Bailey   | HP: 2/78 [gnoll/+0 trident (7)]
  6182 | Bailey   | Reached skill level 11 in Axes
  6561 | Bailey   | Noticed Grum
  6572 | Bailey   | Mangled by a gnoll

Illustrated notes

Levels and vault maps discovered:
D:1:      spicycebolla_arrival_transporter_tutorial, layout_loops_ring
D:2:      layout_basic, hellmonk_ecumenical_altar_crossroads,
          dreamdust_princess_bridge
D:3:      layout_basic, grunt_dithmenos_smoke_and_mirrors, minmay_puff
D:4:      layout_loops_ring, grunt_temple_overflow_holy_war, uniq_blork_the_orc,
          uniq_menkaure, uniq_grinder, uniq_pargi
D:5:      layout_basic, lemuel_tele_altar
D:6:      layout_rooms, minmay_temple_entry_hall, minivault_23,
          nicolae_stop_n_shop_2, nicolae_figureground_sparkle
D:7:      layout_basic, nzn_wu_jian_council_hall, enter_bailey_5,
          amethyst_killhole
Temple:   nicolae_temple_godzebo
Bailey:   bailey_polearm_gnolls_kennysheep, bailey

Skill      XL: |  1  2  3  4  5  6  7  8  9 |
---------------+----------------------------+-----
Fighting       | 4 5 6 7 |  7.1
Shields        | 4 5 6 |  6.1
Armour         | 4 5 7 8 |  8.5
Axes           | 3 4 5 6 8 10 11 | 11.1
Dodging        | 1 2 |  2.9
Stealth        | |  0.6

Action                     |  1- 3 |  4- 6 |  7- 9 || total
---------------------------+-------+-------+-------++-------
  Melee: War axe           |    77 |    84 |   255 ||   416
         Headbutt          |    16 |    18 |    53 ||    87
    Use: Scroll            |     4 |       |    12 ||    16
         Potion            |       |       |     1 ||     1
 Armour: Scale mail        |    33 |       |       ||    33
         Chain mail        |    14 |    42 |   138 ||   194
  Dodge: Dodged            |    37 |    27 |   223 ||   287
  Block: Buckler           |    16 |    14 |    85 ||   115

Table legend: (Time is in decaauts)
 A = Elapsed time spent in this place.
 B = Non-inter-level travel time spent in this place.
 C = Inter-level travel time spent in this place.
 D = Time resting spent in this place.
 E = Time spent auto-exploring this place.
 F = Levels seen in this place.
 G = Mean time per level.
                   A        B        C        D        E       F      G
               +--------+--------+--------+--------+--------+-----+--------+
         Total |   6637 |   6440 |    197 |    230 |   4985 |   9 |  737.4 |
       Dungeon |   5679 |   5502 |    177 |     13 |   4427 |   7 |  811.3 |
        Temple |    105 |     86 |     19 |      0 |     73 |   1 |  105.0 |
        Bailey |    851 |    851 |      0 |    217 |    485 |   1 |  851.0 |
               +--------+--------+--------+--------+--------+-----+--------+

Top non-repeatable levels by time:
     D:3: 1245 daAuts
     D:4: 1199 daAuts
     D:2: 967 daAuts
     D:6: 868 daAuts
  Bailey: 851 daAuts
     D:5: 651 daAuts
     D:1: 574 daAuts
     D:7: 172 daAuts
  Temple: 105 daAuts
